 Dungeon Crawl Stone Soup version 0.21-a0-509-gecc5317 (webtiles) character file.

15 BingusPrime the Insei (level 2, -3/21 HPs)
             Began as a Merfolk Transmuter on Nov 28, 2017.
             Killed from afar by a dart slug (4 damage)
             ... with a slug dart
             ... on level 1 of the Dungeon.
             The game lasted 00:01:42 (336 turns).

BingusPrime the Insei (Merfolk Transmuter)           Turns: 336, Time: 00:01:42

Health: -3/21      AC:  2    Str: 10    XL:     2   Next: 50%
Magic:  5/5        EV: 13    Int: 12    God:
Gold:   0          SH:  0    Dex: 14    Spells: 4/5 levels left

rFire    . . .     SeeInvis .     - Unarmed
rCold    + . .     Gourm    .   (no shield)
rNeg     . . .     Faith    .   b - +0 robe
rPois    .         Spirit   .   (no helmet)
rElec    .         Reflect  .   (no cloak)
rCorr    .         Harm     .   (no gloves)
MR       .....                  (no boots)
Stlth    +.........             (no amulet)
HPRegen  0.07/turn              f - ring of protection from cold
MPRegen  0.09/turn              (no ring)

@: no status effects
A: change form in water, swift swim, stealthy swim
a: no special abilities


You were on level 1 of the Dungeon.
You were not hungry.

You visited 1 branch of the dungeon, and saw 1 of its levels.

Inventory:

Hand Weapons
 e - a +0 short sword
Missiles
 a - 12 arrows
Armour
 b - a +0 robe (worn)
Jewellery
 f - a ring of protection from cold (left hand)
Books
 c - a book of Changes

   Spells                             Type                      Level
   a - Beastly Appendage              Transmutation                1
   b - Sticks to Snakes               Transmutation                2
   c - Spider Form                    Transmutation/Poison         3
   d - Ice Form                       Ice/Transmutation            4
   e - Blade Hands                    Transmutation                5
Comestibles
 d - a bread ration


   Skills:
 + Level 1.1 Fighting
 + Level 3.0 Dodging
 + Level 3.6 Unarmed Combat
 + Level 2.0 Spellcasting
 + Level 3.2 Transmutations


You had 4 spell levels left.
You knew the following spells:

 Your Spells              Type           Power        Failure   Level  Hunger
a - Beastly Appendage     Tmut           #.....       7%          1    ##.....


Dungeon Overview and Level Annotations

Branches:
Dungeon (1/15)

Altars:


Message History

Casting: Beastly Appendage
Confirm with . or Enter, or press ? or * to list all spells.
You don't know that spell.
A dart slug comes into view.
The bat closely misses you. The bat barely misses you.
The bat hits you but does no damage.
Found 21 stones.
The bat misses you. The bat closely misses you. The bat misses you.
The bat hits you but does no damage.
Found 13 gold pieces.
There is a stone staircase leading down here.
You see here a frilled lizard corpse.
You see here a bat corpse.
There is a stone staircase leading down here.
The rat bites you.
* * * LOW HITPOINT WARNING * * *
The dart slug launches a dart at you. The slug dart hits you!
You die...

###.### ....... # ...... .#
.....# # ##.## ###...## ..
####...####......## ..
..#..≈..#.....#...# .#
≈....≈....≈..8#.@.# #.#
.≈..≈≈≈..≈...##gr.# ..#
..≈≈≈≈≈≈≈.....#...##.#
≈≈≈≈...≈≈≈≈.....†)#..###
≈≈≈..<..≈≈≈≈≈..#.......#####
≈≈≈≈...≈≈≈≈....###..##......
..≈≈≈≈≈≈≈.....##
#w.#........ .≈..≈≈≈..≈...##
#..........$.
≈....≈....≈..8#
##...........


You could see a dart slug, a goblin and a rat.

Vanquished Creatures
  A dart slug (D:1)
  A leopard gecko (D:1)
  2 bats (D:1)
  2 giant cockroaches (D:1)
  A goblin (D:1)
  2 hobgoblins (D:1)
  2 frilled lizards (D:1)
11 creatures vanquished.

Notes
Turn   | Place    | Note
-------+----------+-------------------------------------------
     0 | D:1      | BingusPrime the Merfolk Transmuter began the quest for the Orb.
     0 | D:1      | Reached XP level 1. HP: 15/15 MP: 3/3
   259 | D:1      | Reached XP level 2. HP: 20/21 MP: 3/5
   305 | D:1      | HP: 1/21 [bat (1)]
   312 | D:1      | HP: 1/21 [bat (1)]
   336 | D:1      | HP: 1/21 [rat (1)]
   336 | D:1      | Killed from afar by a dart slug

Vault maps used:
D:1:      eino_arrival_water_star

Skill      XL: |  1 |
---------------+----+-----
Transmutations | 3 |  3.2
Dodging        | 3 |  3.0
Fighting       | |  1.1
Unarmed Combat | |  3.6
Spellcasting   | |  2.0

Action                   || total
-------------------------++-------
Melee: Unarmed           ||    43
       Headbutt          ||     7
 Cast: Beastly Appendage ||     5
Armor: Robe              ||    15
Dodge: Dodged            ||    65

Table legend:
 A = Spawn XP
 B = Non-spawn XP
 C = Spawn XP percentage of total XP
 D = Spawn monster count
 E = Non-spawn monster count
 F = Spawn count percentage of total count
 G = Total turns spent on level
                    A         B        C        D         E        F      G
               +---------+---------+-------+---------+---------+-------+---------
         Total |       0 |      22 |   0.0 |       0 |      11 |   0.0 |   336
               +---------+---------+-------+---------+---------+-------+---------
           D:1 |       0 |      22 |   0.0 |       0 |      11 |   0.0 |   336
               +---------+---------+-------+---------+---------+-------+---------
